 Dungeon Crawl Stone Soup version 0.29-a0-557-g43b9904bd1 (webtiles) character file.

Game seed: 3556260259900925570

964 kae the Firebug (level 7, -4/40 HPs)
             Began as a Deep Elf Fire Elementalist on June 8, 2022.
             Was an Initiate of Vehumet.
             Engulfed by a cloud of flame (15 damage)
             ... on level 5 of the Dungeon.
             The game lasted 00:03:12 (5682 turns).

kae the Firebug (Deep Elf Fire Elementalist)        Turns: 5682, Time: 00:03:13

Health: -4/40      AC:  8    Str:  5    XL:     7   Next: 93%
Magic:  9/16       EV: 12    Int: 22    God:    Vehumet [......]
Gold:   120        SH:  0    Dex: 15    Spells: 3/16 levels left

rFire   . . .      SeeInvis .   n - +6 scythe (venom)
rCold   + . .      Faith    .   (shield currently unavailable)
rNeg    + . .      Spirit   .   q - +2 leather armour {rC+}
rPois   +          Reflect  .   (no helmet)
rElec   .          Harm     .   i - +0 cloak
rCorr   .          Rampage  .   u - +0 pair of gloves
Will    .....                   k - +0 pair of boots
Stlth   ++........              (no amulet)
HPRegen 0.13/turn               j - ring of poison resistance
MPRegen 0.15/turn               l - ring of positive energy

@: no status effects
A: no striking features
a: Renounce Religion


You were on level 5 of the Dungeon.
You worshipped Vehumet.
Vehumet was noncommittal.
You visited 2 branches of the dungeon, and saw 6 of its levels.

You collected 219 gold pieces.
You spent 99 gold pieces at shops.

Inventory:

Hand Weapons
 n - a +6 scythe of venom (weapon)
Armour
 i - a +0 cloak (worn)
 k - a +0 pair of boots (worn)
 q - a +2 leather armour of cold resistance (worn)
 u - a +0 pair of gloves (worn)
Jewellery
 e - a ring of flight
 j - a ring of poison resistance (left hand)
 l - a ring of positive energy (right hand)
 m - a +6 ring of dexterity
Wands
 v - a wand of iceblast (1)
Scrolls
 a - 4 scrolls of fear {unknown}
 p - a scroll of teleportation
 r - 2 scrolls of identify
 s - a scroll of noise {unknown}
Potions
 b - a potion of magic
 c - 2 potions of cancellation {unknown}
 d - a potion of might
 f - a potion of berserk rage {unknown}
 g - a potion of lignification {unknown}
 h - 2 potions of brilliance {unknown}
 o - 6 potions of curing {unknown}
 t - 2 potions of attraction {unknown}


   Skills:
 + Level 2.5 Fighting
 + Level 1.6 Armour
 + Level 3.5 Dodging
 - Level 2.4 Stealth
 + Level 5.2 Spellcasting
 * Level 5.5 Conjurations
 * Level 6.2 Fire Magic


You had 3 spell levels left.
You knew the following spells:

 Your Spells              Type           Power      Damage    Failure   Level
a - Foxfire               Conj/Fire      100%       2x1d9     1%          1
b - Scorch                Fire           66%        2d8       1%          2
c - Conjure Flame         Conj/Fire      31%        6-21      4%          3
d - Inner Flame           Hex/Fire       19%        N/A       13%         3
e - Flame Wave            Conj/Fire      31%        2d8       14%         4

Your spell library contained the following spells:

 Spells                   Type           Power      Damage    Failure   Level
 Gell's Gravitas          Tloc           5%         N/A       43%         3
 Lesser Beckoning         Tloc           5%         N/A       43%         3
 Teleport Other           Tloc           5%         N/A       43%         3


Dungeon Overview and Level Annotations

Branches:
Dungeon (5/15)             Temple (1/1) D:5

Altars:
Ashenzari
Cheibriados
Dithmenos
Elyvilon
Fedhas
Hepliaklqana
Kikubaaqudgha
Makhleb
Nemelex Xobeh
Okawaru
Qazlal
Ru
Sif Muna
Trog
Vehumet
Xom
Yredelemnul
The Shining One

Shops:
D:4 [*

Annotations:
D:4 exclusion: upstairs


Message History

A steam dragon is nearby!
Casting: Foxfire (safe; 1% risk of failure)
Confirm with . or Enter, or press ? or * to list all spells.
You can't see any susceptible monsters within range! (Use Z to cast anyway.)
Casting: Foxfire (safe; 1% risk of failure)
Confirm with . or Enter, or press ? or * to list all spells.
Aiming: Inner Flame (dangerous; 14% risk of failure)
Press: ? - help, Dir - move target, f - steam dragon
Aim: a steam dragon (asleep, chance to affect: 73%)
The steam dragon hisses angrily.
The steam dragon is filled with an inner flame.
Casting: Inner Flame (dangerous; 14% risk of failure)
Confirm with . or Enter, or press ? or * to list all spells.
You can't see any susceptible monsters within range! (Use Z to cast anyway.)
Casting: Inner Flame (dangerous; 14% risk of failure)
Confirm with . or Enter, or press ? or * to list all spells.
You conjure some foxfire!
The foxfire hits the steam dragon.
Flame seeps out of the steam dragon.
The steam dragon is lightly wounded.
The foxfire hits the steam dragon.
Flame seeps out of the steam dragon.
The steam dragon is moderately wounded.
The steam dragon is engulfed in blazing flames.
Flame seeps out of the steam dragon.
Casting: Foxfire (safe; 1% risk of failure)
Confirm with . or Enter, or press ? or * to list all spells.
You conjure some foxfire!
The foxfire hits the steam dragon!
Flame seeps out of the steam dragon.
The steam dragon is almost dead.
The foxfire hits the steam dragon but does no damage.
The steam dragon is almost dead.
Casting: Foxfire (safe; 1% risk of failure)
Confirm with . or Enter, or press ? or * to list all spells.
Flames lash the steam dragon.
Vehumet accepts your kill.
The steam dragon scales are intact enough to wear.
The steam dragon explodes!
The fiery explosion engulfs you!
You are engulfed in blazing flames.
* * * LOW HITPOINT WARNING * * *
You are engulfed in blazing flames.
You die...

+.......#....#...
#.......#....#...
#.......#....#...
#####+###+###+##....#+##
....(..................#
.......................#
.......................#
.......................#
.....§§@...............#
#....§§#+##########.....
#...|§§#..........#.....
+......#..........#.....
#......#..........#.....
#......#####.###..#.....
############.###..##....
#.......#.....#....
#.......#.....'....


There were no monsters in sight!

Vanquished Creatures
  Sigmund (D:3)
  A steam dragon (D:5)
  A water moccasin (D:5)
  An ogre (D:5)
  2 scorpions
  2 hounds (D:4)
  A gnoll shaman (D:5)
  2 iguanas
  An orc wizard (D:4)
  5 gnolls (D:5)
  5 adders
  An ufetubus (D:5)
  A worm (D:3)
  A dart slug (D:2)
  3 orcs (D:4)
  10 endoplasms
  5 giant cockroaches
  11 hobgoblins
  11 jackals
  4 quokkas
  12 ball pythons
  5 bats
  3 frilled lizards
  7 goblins
  6 kobolds
  3 rats
105 creatures vanquished.

Vanquished Creatures (others)
  330 foxfires
330 creatures vanquished.

Grand Total: 435 creatures vanquished

Notes
Turn   | Place    | Note
-------+----------+-------------------------------------------
     0 | D:1      | kae the Deep Elf Fire Elementalist began the quest for the
                  | Orb.
     0 | D:1      | Reached XP level 1. HP: 10/10 MP: 6/6
    30 | D:1      | Found a faded altar of an unknown god.
   407 | D:1      | Reached XP level 2. HP: 15/15 MP: 4/8
   793 | D:1      | Reached XP level 3. HP: 20/20 MP: 5/9
   796 | D:1      | Learned a level 2 spell: Scorch
   835 | D:1      | Learned a level 3 spell: Conjure Flame
  1687 | D:2      | Reached skill level 4 in Fire Magic
  1774 | D:2      | Learned a level 3 spell: Inner Flame
  2410 | D:3      | Noticed Sigmund
  2418 | D:3      | Killed Sigmund
  2419 | D:3      | Reached skill level 1 in Fighting
  2419 | D:3      | Reached XP level 4. HP: 25/25 MP: 2/12
  2419 | D:3      | Reached XP level 5. HP: 29/29 MP: 2/13
  2957 | D:3      | Reached skill level 5 in Fire Magic
  3147 | D:3      | Found a faded altar of an unknown god.
  3152 | D:3      | Found a basalt altar of Yredelemnul.
  3710 | D:4      | Reached XP level 6. HP: 35/35 MP: 8/14
  3827 | D:4      | Learned a level 4 spell: Flame Wave
  4132 | D:4      | Found Genepp's Antique Armour Emporium.
  4135 | D:4      | Bought a pair of gloves for 99 gold pieces
  4467 | D:4      | Found Beutuu's Fire Supplies.
  4638 | D:5      | Entered Level 5 of the Dungeon
  4638 | D:5      | Found a broken altar of Ashenzari.
  4641 | D:5      | Found a staircase to the Ecumenical Temple.
  4671 | Temple   | Entered the Ecumenical Temple
  4853 | Temple   | Became a worshipper of Vehumet
  4983 | D:5      | Reached skill level 1 in Armour
  4983 | D:5      | Reached XP level 7. HP: 27/40 MP: 6/16
  5148 | D:5      | Reached skill level 5 in Conjurations
  5293 | D:5      | Reached skill level 5 in Spellcasting
  5549 | D:5      | Reached skill level 6 in Fire Magic
  5675 | D:5      | Noticed a steam dragon
  5681 | D:5      | Killed a steam dragon
  5682 | D:5      | Engulfed by a cloud of flame

Illustrated notes

Levels and vault maps discovered:
D:1:      saegor_arrival_simple_e, layout_rooms, ebering_ecumenical_altar_rust
D:2:      layout_basic, chequers_serial_rivers_large_b, grunt_decor_one_mirror,
          minmay_misc_feat_square, minivault_14, minmay_cupped
D:3:      layout_basic, nicolae_overflow_ecumenical_swirl,
          nicolae_concentric_dashed_squares_wild, uniq_sigmund
D:4:      layout_loops_cross, serial_shops, kennysheep_mini_moat,
          nicolae_shop_fire_sale [nicolae_sub_dead_trees], kennysheep_cross_room
D:5:      layout_gridville, lemuel_crystal_altar, minmay_temple_entry_wispy,
          minmay_misc_feat_ornament
Temple:   eino_temple_rhombus

Skill      XL: |  1  2  3  4  5  6  7 |
---------------+----------------------+-----
Conjurations   | 2 3 4 5 |  5.5
Fire Magic     | 4 5 6 |  6.2
Fighting       | 1 2 |  2.5
Spellcasting   | 4 5 |  5.2
Armour         | 1 |  1.6
Dodging        | 3 |  3.5
Stealth        | |  2.4

Action                   |  1- 3 |  4- 6 |  7- 9 || total
-------------------------+-------+-------+-------++-------
Melee: Unarmed           |     1 |       |       ||     1
       Scythe            |       |    14 |       ||    14
 Cast: Foxfire           |    97 |    69 |    27 ||   193
       Scorch            |     6 |    18 |     4 ||    28
       Conjure Flame     |       |       |     1 ||     1
       Inner Flame       |       |       |     1 ||     1
  Use: Scroll            |     5 |       |       ||     5
       Potion            |       |     1 |       ||     1
Armor: Robe              |     7 |    10 |       ||    17
       Leather armour    |       |     9 |       ||     9
Dodge: Dodged            |    33 |    46 |     6 ||    85

Table legend: (Time is in decaauts)
 A = Elapsed time spent in this place.
 B = Non-inter-level travel time spent in this place.
 C = Inter-level travel time spent in this place.
 D = Time resting spent in this place.
 E = Time spent auto-exploring this place.
 F = Levels seen in this place.
 G = Mean time per level.
                   A        B        C        D        E       F      G
               +--------+--------+--------+--------+--------+-----+--------+
         Total |   5718 |   5581 |    137 |    253 |   4550 |   6 |  953.0 |
       Dungeon |   5525 |   5407 |    118 |    253 |   4388 |   5 | 1105.0 |
        Temple |    192 |    174 |     18 |      0 |    162 |   1 |  192.0 |
               +--------+--------+--------+--------+--------+-----+--------+

Top non-repeatable levels by time:
     D:2: 1293 daAuts
     D:4: 1180 daAuts
     D:3: 1158 daAuts
     D:1: 1042 daAuts
     D:5: 851 daAuts
  Temple: 192 daAuts
